 Dungeon Crawl Stone Soup version 0.30-a0-900-g23479c02f2 (webtiles) character file.

Game seed: 11104392211605641551

3250 Iniera the Cleaver (level 9, -1/48 HPs)
             Began as a Vine Stalker Fighter on Mar 19, 2023.
             Was a Follower of Qazlal.
             Slain by a vampire mosquito (5 damage)
             ... on level 7 of the Dungeon.
             The game lasted 00:10:15 (6728 turns).

Iniera the Cleaver (Vine Stalker Fighter)           Turns: 6728, Time: 00:10:15

Health: -1/48      AC: 12    Str: 24    XL:     9   Next: 99%
Magic:  0/13       EV:  7    Int:  8    God:    Qazlal [*.....]
Gold:   323        SH:  7    Dex: 19    Spells: 8/8 levels left

rFire   . . .      SeeInvis .    a - +1 war axe
rCold   . . .      Faith    .    c - +0 buckler
rNeg    . . .      Spirit   +    p - +0 chain mail
rPois   .          Reflect  .    z - +0 helmet
rElec   .          Rampage  .    (no cloak)
rCorr   +                        (no gloves)
Will    +....                    v - +1 pair of boots Stlth
                                 (no amulet)
HPRegen 1.08/turn                j - +6 ring of dexterity
MPRegen 0.13/turn                o - ring of resist corrosion

@: mighty, studying Axes
A: fangs 3, regeneration 1, magic shield, antimagic bite, no potion heal 2
a: Renounce Religion


You were on level 7 of the Dungeon.
You worshipped Qazlal.
Qazlal was aware of your devotion.
You visited 2 branches of the dungeon, and saw 8 of its levels.
You also visited: Sewer.

You collected 323 gold pieces.

Inventory:

Hand Weapons
 a - a +1 war axe (weapon)
Missiles
 e - 9 curare-tipped darts (quivered)
Armour
 c - a +0 buckler (worn)
 p - a +0 chain mail (worn)
 v - a +1 pair of boots (worn)
 z - a +0 helmet (worn)
Jewellery
 j - a +6 ring of dexterity (left hand)
 o - a ring of resist corrosion (right hand)
Wands
 l - a wand of mindburst (12)
 x - a wand of polymorph (10)
 y - a wand of charming (12)
Scrolls
 g - 3 scrolls of teleportation
 k - 2 scrolls of fog
 t - 2 scrolls of immolation
 w - 2 scrolls of enchant weapon
 B - a scroll of magic mapping
 D - a scroll of torment
Potions
 b - 2 potions of resistance
 d - 3 potions of might
 f - a potion of attraction {unknown}
 h - a potion of flight {unknown}
 i - 5 potions of curing
 m - a potion of mutation {unknown}
 n - a potion of lignification {unknown}
 q - a potion of invisibility {unknown}
 r - 2 potions of haste {unknown}
 s - a potion of magic {unknown}
 u - a potion of brilliance {unknown}
 A - 3 potions of heal wounds {unknown}
 C - 2 potions of degeneration {unknown}


   Skills:
 - Level 6.1 Fighting
 * Level 11.0 Axes
 - Level 4.0 Armour
 - Level 2.6 Shields
 - Level 4.4 Invocations


You had 8 spell levels left.
You didn't know any spells.
Your spell library contained the following spells:

 Spells                   Type           Power      Damage    Failure   Level
 Scorch                   Fire           0%         2d5       99%         2
 Ozocubu's Armour         Ice            0%         N/A       100%        3
 Summon Guardian Golem    Hex/Summ       0%         N/A       100%        3
 Tukima's Dance           Hex            0%         N/A       100%        3
 Flame Wave               Conj/Fire      0%         2d4       100%        4
 Passage of Golubria      Tloc           0%         N/A       100%        4
 Metabolic Englaciation   Hex/Ice        0%         N/A       100%        5
 Yara's Violent Unravell  Hex/Tmut       0%         3d3       100%        5
 Simulacrum               Ice/Necr       0%         N/A       100%        6
 Summon Cactus Giant      Summ           0%         N/A       100%        6
 Orb of Destruction       Conj           0%         9d5       100%        7
 Spellforged Servitor     Conj/Summ      0%         N/A       100%        7


Dungeon Overview and Level Annotations

Branches:
Dungeon (7/15)             Temple (1/1) D:5           Sewer (visited)

Altars:
Ashenzari
Cheibriados
Dithmenos
Elyvilon
Fedhas
Gozag
Hepliaklqana
Kikubaaqudgha
Makhleb
Nemelex Xobeh
Okawaru
Qazlal
Ru
Sif Muna
Trog
Uskayaw
Vehumet
Wu Jian
Xom
Yredelemnul
Zin
The Shining One

Shops:
D:1 [

Annotations:
D:3 3 runed translucent doors, baller8008's ghost, weakling OpTm
D:5 3 runed translucent doors, relicbr's ghost, weakling SpDe


Innate Abilities, Weirdness & Mutations

You have razor-sharp teeth.
Your natural rate of healing is unusually fast.
When hurt, damage is shared between your health and your magic reserves.
Your bite disrupts and absorbs the magic of your enemies.
Potions cannot restore your health.


Message History

You kill the naga!
Qazlal accepts your kill.
You miss the sky beast. You slash the sleepcap!
You feel sick.
Your butterfly disappears in a burst of colours!
The sky beast is engulfed in blazing flames.
The sky beast hits you but does no damage.
The sleepcap releases spores at you but does no damage.
Unknown command.
You completely miss the sky beast. You bite the sky beast.
You kill the sky beast!
Qazlal accepts your kill.
You slash the sleepcap! You miss the vampire mosquito.
You feel sick.
Your butterfly disappears in a burst of colours!
The vampire mosquito bites you.
* * * LOW HITPOINT WARNING * * *
The vampire mosquito draws strength from your injuries!
The vampire mosquito bites you!
* * * LOW HITPOINT WARNING * * *
The vampire mosquito draws strength from your injuries!
The sleepcap releases spores at you.
* * * LOW HITPOINT WARNING * * *
You are engulfed in a cloud of soporific spores!
You fall asleep.
Your Axes skill increases to level 11!
You feel sick.
You wake up.
You block the vampire mosquito's attack.
The sleepcap releases spores at you but does no damage.
The vampire mosquito bites you.
* * * LOW HITPOINT WARNING * * *
The vampire mosquito draws strength from your injuries!
Your system rejects the healing.
You feel better.
The vampire mosquito bites you but does no damage.
The sleepcap releases spores at you.
* * * LOW HITPOINT WARNING * * *
The vampire mosquito bites you but does no damage.
You barely miss the vampire mosquito. You hit the sleepcap.
You destroy the sleepcap!
Qazlal accepts your kill. The vampire mosquito bites you!
You die...

##.b.####.........# #........####
#..bbbb.+.........+..............
..bb..###.........###.......#####
.##.#b###........# #.[.##..# # .
#.bbbb...#....## #..# #..# #
###bbb.bb#....## #.. #..# #
#bb#...#.....## #. ...# #
#..#..)b..#...## ##.## #
...b#..###.#.@§.## #. ###
####.#......#)†y..# #..
......#....†#....# #.#
#.#...#.###)#....# #.# #.
..#.....# #.# #.....#... #.# #$##
.#... #.# #. .. #.. $. ###


You could see a vampire mosquito.

Vanquished Creatures
  Pikel (D:5)
  A kobold demonologist (D:7)
  Grinder (D:5)
  A wyvern (D:7)
  Eustachio (D:5)
  A naga (D:7)
  Duvessa (D:5)
  A sky beast (D:7)
  An ice beast (D:7)
  An ogre (D:6)
  A centaur (D:5)
  A phantom (D:4)
  2 lemures (D:5)
  6 kobold brigands
  A bullfrog (D:7)
  3 scorpions
  Dowan (D:5)
  A hound (D:5)
  A jelly (D:4)
  An orc priest (D:4)
  2 gnoll boudas
  A sleepcap (D:7)
  An iguana (D:5)
  2 orc wizards
  10 adders
  11 gnolls
  9 river rats
  4 ufetubi
  A worm (D:4)
  3 dart slugs
  16 orcs
  15 ball pythons
  7 bats
  6 endoplasms
  6 giant cockroaches
  9 goblins
  11 hobgoblins
  10 jackals
  4 quokkas
  3 frilled lizards
  24 kobolds
  21 rats
204 creatures vanquished.

Vanquished Creatures (others)
  8 plants (D:1)
8 creatures vanquished.

Grand Total: 212 creatures vanquished

Notes
Turn   | Place    | Note
-------+----------+-------------------------------------------
     0 | D:1      | Iniera the Vine Stalker Fighter began the quest for the
                  | Orb.
     0 | D:1      | Reached XP level 1. HP: 11/11 MP: 2/2
   124 | D:1      | Reached skill level 2 in Axes
   264 | D:1      | Reached XP level 2. HP: 16/16 MP: 3/3
   326 | D:1      | Reached skill level 1 in Invocations
   388 | D:1      | Reached XP level 3. HP: 18/20 MP: 2/4
   836 | D:1      | Found Matastriz's Antique Armour Shoppe.
   883 | D:1      | You fall into a shaft and drop 1 floor!
   912 | D:2      | Gained mutation: Your natural rate of healing is unusually
                  | fast. [Vine Stalker growth]
   912 | D:2      | Reached XP level 4. HP: 24/24 MP: 6/6
   964 | D:2      | Reached skill level 3 in Axes
  1087 | D:1      | Found a faded altar of an unknown god.
  1877 | D:3      | Reached XP level 5. HP: 24/28 MP: 5/7
  2122 | D:3      | Found a runed translucent gate.
  2122 | D:3      | Found a runed translucent gate.
  2123 | D:3      | Found a runed translucent gate.
  2123 | D:3      | Found an opulent altar of Gozag.
  2125 | D:3      | Noticed an orc warrior
  2125 | D:3      | Noticed a phantom
  2125 | D:3      | Noticed baller8008's ghost (weakling OpTm)
  2638 | D:4      | Found a glowing drain.
  2642 | Sewer    | Entered a sewer
  2815 | Sewer    | Reached skill level 4 in Axes
  2845 | Sewer    | Reached XP level 6. HP: 29/33 MP: 6/8
  3156 | Sewer    | Reached skill level 5 in Axes
  3156 | Sewer    | Reached XP level 7. HP: 37/37 MP: 7/10
  3470 | D:4      | Found a large runed translucent door.
  3471 | D:4      | Found a large runed translucent door.
  4257 | D:4      | Found a burning altar of Makhleb.
  4268 | D:4      | Found an ornate altar of the Wu Jian Council.
  4322 | D:5      | Entered Level 5 of the Dungeon
  4352 | D:5      | Found a runed translucent gate.
  4352 | D:5      | Found a runed translucent gate.
  4352 | D:5      | Found a runed translucent gate.
  4352 | D:5      | Noticed Grinder
  4353 | D:5      | Noticed relicbr's ghost (weakling SpDe)
  4368 | D:5      | Killed Grinder
  4369 | D:5      | Reached skill level 6 in Axes
  4369 | D:5      | Gained mutation: You have razor-sharp teeth. [Vine Stalker
                  | growth]
  4369 | D:5      | Reached XP level 8. HP: 42/42 MP: 12/12
  4404 | D:5      | Found a staircase to the Ecumenical Temple.
  4452 | Temple   | Entered the Ecumenical Temple
  4760 | Temple   | Became a worshipper of Qazlal Stormbringer
  4826 | D:5      | Reached skill level 5 in Fighting
  4935 | D:5      | Noticed Eustachio
  4959 | D:5      | Killed Eustachio
  5137 | D:5      | Noticed Duvessa
  5137 | D:5      | Noticed Dowan
  5143 | D:5      | Killed Duvessa
  5147 | D:5      | Killed Dowan
  5152 | D:5      | Reached skill level 7 in Axes
  5193 | D:5      | Noticed Pikel
  5223 | D:5      | Killed Pikel
  5224 | D:5      | Reached XP level 9. HP: 45/48 MP: 7/13
  5538 | D:5      | Reached skill level 8 in Axes
  5775 | D:6      | Reached * piety under Qazlal
  6686 | D:7      | Identified a scroll of acquirement
  6686 | D:7      | Acquired a manual of Axes
  6704 | D:7      | Noticed a kobold demonologist
  6707 | D:7      | Reached skill level 9 in Axes
  6713 | D:7      | Noticed a rust devil
  6721 | D:7      | Killed a kobold demonologist
  6722 | D:7      | Reached skill level 10 in Axes
  6726 | D:7      | Reached skill level 11 in Axes
  6728 | D:7      | Slain by a vampire mosquito

Illustrated notes

Levels and vault maps discovered:
D:1:      scummos_arrival_star, layout_loops_corners, serial_forest,
          infiniplex_forest_corner_1, infiniplex_forest_lined_3,
          infiniplex_forest_split, infiniplex_forest_lined_corner,
          infiniplex_forest_clump_curved, infiniplex_forest_lined_corner,
          hellmonk_ecumenical_altar_defaced_shrine, serial_shops, shop,
          minivault_24
D:2:      layout_basic, serial_glass, glass_columns_b, glass_columns_b,
          glass_columns_b, glass_columns_c, glass_columns_c,
          due_unseen_surprise, feat_on_display, feat_on_display, hex_medium,
          minmay_misc_feat_encased
D:3:      layout_loops_ring, ebering_ghost_gozag
D:4:      layout_gridville, jmf_multi_god_temple2, gup_sewer_entry_bowl
D:5:      cheibrodos_thug_alley, layout_loops_ring, minmay_temple_entry_arrows,
          gammafunk_ghost_nasty_kobolds, uniq_pikel, uniq_grinder,
          uniq_eustachio, uniq_duvessa
D:6:      layout_gridville
D:7:      hangedman_cross_stitches, layout_loops_corners
Temple:   mainiacjoe_temple_cubbyholes

Skill      XL: |  1  2  3  4  5  6  7  8  9 |
---------------+----------------------------+-----
Axes           | 2 3 4 5 6 7 11 | 11.0
Invocations    | 1 2 3 4 |  4.4
Fighting       | 3 4 5 6 |  6.1
Armour         | 3 4 |  4.0
Shields        | |  2.6

Action                     |  1- 3 |  4- 6 |  7- 9 || total
---------------------------+-------+-------+-------++-------
  Melee: War axe           |    74 |   169 |   242 ||   485
         Bite              |    16 |    47 |    75 ||   138
    Use: Scroll            |     3 |     6 |     9 ||    18
         Potion            |       |     1 |     3 ||     4
 Armour: Scale mail        |    33 |    40 |       ||    73
         Chain mail        |       |    46 |   164 ||   210
  Dodge: Dodged            |    48 |    87 |    83 ||   218
  Block: Buckler           |    17 |    53 |    89 ||   159

Table legend: (Time is in decaauts)
 A = Elapsed time spent in this place.
 B = Non-inter-level travel time spent in this place.
 C = Inter-level travel time spent in this place.
 D = Time resting spent in this place.
 E = Time spent auto-exploring this place.
 F = Levels seen in this place.
 G = Mean time per level.
                   A        B        C        D        E       F      G
               +--------+--------+--------+--------+--------+-----+--------+
         Total |   6893 |   6637 |    256 |    169 |   5138 |   9 |  765.9 |
       Dungeon |   5794 |   5603 |    191 |     45 |   4461 |   7 |  827.7 |
        Temple |    357 |    293 |     64 |      0 |    286 |   1 |  357.0 |
         Sewer |    740 |    740 |      0 |    124 |    390 |   1 |  740.0 |
               +--------+--------+--------+--------+--------+-----+--------+

Top non-repeatable levels by time:
     D:1: 1160 daAuts
     D:4: 1033 daAuts
     D:5: 997 daAuts
     D:3: 847 daAuts
     D:6: 802 daAuts
   Sewer: 740 daAuts
     D:2: 672 daAuts
  Temple: 357 daAuts
     D:7: 280 daAuts
